Unix NetHack Version 5.0.0-0 post-release - last build Jul 19 2026 19:10:59 (3aa4ab31751d3886436d94b585a96704892fd477,branch:main).

Game began 2026-07-22 13:38:30, ended 2026-07-22 13:59:10.

Booker, lawful male human Knight

        ---
    -----.----      .
    |......|.---    .---           ---     --
     -.........---  .|.             .       .
     |.........<.|  .|.-           -.-------.-    ----
     --..........| |.|.|           |%|o.@..|.|     ..|
      |.........----.|.|            .|.ooo.|.      ..
     --......---- |..|.|           |.|0oo..|.|     ..  |
     |......--    |..|.|       -----.|o....|.------.--.|
     -......|  ----..|.-- --  --.....--.oo--........0..|
    -..|...-----.....|.....   0.....{.....0..{.........|
   ....|.........---.%)-      --.....................*.|
  |..---.-..------ |)|%|       -- --......-----|---|--.|
  --- |....--      |.|.|           |.....0|%.|.......|
      |..---       |.#)|           |......-..........|
      |..          |%|)|           |......|)0|(.*|...|
      --.-         |.|.-------------.....0------------
       ---          .|.........................0
                    .----------------#----------
                    .               .0.
                                      --
Booker the Esquire       St:16 Dx:9 Co:11 In:9 Wi:15 Ch:17  Lawful S:853
Dlvl:5  $:50 HP:0(40) Pw:15(15) AC:0  Xp:4/138 T:1990  Burdened

Latest messages:
 You have a little trouble removing D - an uncursed food ration.
 Ogza of Unuz swings her scimitar.
 Ogza of Unuz misses!
 Thosuakha of Unuz thrusts her orcish short sword.
 Thosuakha of Unuz hits!
 What do you want to eat? [ghlrD or ?*]
 You resume your meal.
 Ogza of Unuz swings her scimitar.
 Ogza of Unuz hits!
 You stop eating the food ration.
 Uhaiagris of Unuz points all around, then curses.
 Thosuakha of Unuz thrusts her orcish short sword.
 Thosuakha of Unuz misses!
 #
 You begin praying to Lugh.
 You are surrounded by a shimmering light.
 Uhaiagris of Unuz starts to attack you, but pulls back.
 Thosuakha of Unuz starts to attack you, but pulls back.
 Uhaiagris of Unuz starts to attack you, but pulls back.
 Urukaul of Unuz wields an orcish dagger!
 Ogza of Unuz starts to attack you, but pulls back.
 Uhaiagris of Unuz starts to attack you, but pulls back.
 You feel something move nearby.
 Thosuakha of Unuz starts to attack you, but pulls back.
 You finish your prayer.
 You feel that Lugh is well-pleased.
 You are surrounded by a golden glow.
 You miss Thosuakha of Unuz.
 Uhaiagris of Unuz casts a spell!
 Uhaiagris of Unuz looks better.
 Something casts a spell at you!
 Your head suddenly aches very painfully!
 Thosuakha of Unuz thrusts her orcish short sword.
 Thosuakha of Unuz misses!
 You miss Thosuakha of Unuz.
 Ogza of Unuz swings her scimitar.
 Ogza of Unuz misses!
 Uhaiagris of Unuz points at you, then curses.
 You hear a mumbled curse.
 Thosuakha of Unuz thrusts her orcish short sword.
 Thosuakha of Unuz hits!
 Baneubane of Unuz throws an orcish dagger!
 The orcish dagger hits Thosuakha of Unuz.
 A corroded orcish dagger lands on the altar.
 Ogza of Unuz swings her scimitar.
 Ogza of Unuz hits!
 Uhaiagris of Unuz points at you, then curses.
 Thosuakha of Unuz thrusts her orcish short sword.
 Thosuakha of Unuz hits!
 You die...

Inventory:
 Coins    ('$')
  $ - 50 gold pieces
 Weapons  (')')
  b - an uncursed +1 lance (weapon in right hand)
 Armor    ('[')
  v - a blessed +0 dwarvish iron helm (being worn)
  f - an uncursed +0 pair of leather gloves (being worn)
  z - an uncursed +0 pair of iron shoes (being worn)
  e - a blessed +0 small shield (being worn)
  w - an uncursed +0 dwarvish cloak (being worn)
  c - an uncursed +1 ring mail (being worn)
 Comestibles  ('%')
  g - 11 uncursed apples
  h - 11 uncursed carrots
  l - an uncursed partly eaten food ration
  D - an uncursed food ration
  r - an uncursed tripe ration
 Potions  ('!')
  x - an uncursed potion of healing
 Rings    ('=')
  p - an uncursed ring of regeneration (on left hand)
 Wands    ('/')
  C - an uncursed wand of striking (0:0)
 Tools    ('(')
  s - an uncursed bag of holding containing 4 items
  m - a cursed magic whistle

Contents of the bag of holding:
  31 gold pieces
  3 uncursed food rations
  an uncursed +0 pick-axe
  an uncursed partly used tallow candle

Booker the Knight's attributes:

Background:
 You were an Esquire, a level 4 male human Knight.
 You were lawful, on a mission for Lugh
 who was opposed by Brigit (neutral) and Manannan Mac Lir (chaotic).
 You were right-handed.
 You were in the Gnomish Mines, on level 5.
 You entered the dungeon 1990 turns ago.
 You had 138 experience points, 22 more were needed to attain level 5.
 Your score was 853 before end-of-game adjustments.

Basics:
 You had 0 out of 40 hit points.
 You had all 15 energy points (spell power).
 Your armor class was 0.
 Your wallet contained 50 zorkmids, and
 you had 31 more stashed away in your pack.
 Autopickup was on for '$%?!"=/' plus thrown, with exceptions.

Final Characteristics:
 Your strength was 16 (limit:18/100).
 Your dexterity was 9 (limit:18).
 Your constitution was 11 (limit:18).
 Your intelligence was 9 (limit:18).
 Your wisdom was 15 (limit:18).
 Your charisma was 17 (limit:18).

Final Status:
 You weren't hungry.
 You were burdened; movement was slightly slowed.
 You were wielding a lance.
 You had basic skill with lance.

Final Attributes:
 You were devoutly aligned.
 Your items were somewhat protected from fire.
 Your items were somewhat protected from cold.
 You could jump.
 You regenerated.
 You were warded.
 Your spell casting was impaired by metallic armor.
 You are dead.

Miscellaneous:
 You disabled loading and storing of bones levels.
 Total elapsed playing time was 20 minutes and 36 seconds.

Major events:
 Turn
    1: Booker the lawful male human Knight entered the dungeon
  943: entered the Gnomish Mines
 1006: attained the rank of Esquire (level 3)
 1633: reached Mine Town
 1990: killed by an Uruk-hai called Thosuakha of Unuz

Spells:
 Name                 Level Category     Fail Retention
 detect monsters        1   divination   100%  76%-100%

Skills:
 Fighting Skills
   bare handed combat [Unskilled]
   two weapon combat  [Unskilled]
   riding             [Basic]
 Weapon Skills
   dagger             [Unskilled]
   knife              [Unskilled]
   axe                [Unskilled]
   pick-axe           [Unskilled]
   short sword        [Unskilled]
   broadsword         [Unskilled]
   long sword         [Basic]
   two-handed sword   [Unskilled]
   saber              [Unskilled]
   club               [Unskilled]
   mace               [Unskilled]
   morning star       [Unskilled]
   flail              [Unskilled]
   hammer             [Unskilled]
   polearms           [Unskilled]
   spear              [Unskilled]
   trident            [Unskilled]
   lance              [Basic]
   bow                [Unskilled]
   crossbow           [Unskilled]
 Spellcasting Skills
   attack spells      [Unskilled]
   healing spells     [Unskilled]
   clerical spells    [Unskilled]

Voluntary challenges:
 Character rerolling was not enabled.
 You never genocided any monsters.
 You never polymorphed an object.
 You never changed form.
 You used no wishes.
Achievements:
 You entered the Gnomish Mines.
 You attained the rank of Esquire.
 You entered Minetown.

 The Dungeons of Doom: levels 1 to 3
    Level 1:
    Level 2:
       An altar to Lugh, some fountains.
       Stairs down to The Gnomish Mines.
    Level 3:
       Some fountains.
 The Gnomish Mines: levels 3 to 5
    Level 3:
    Level 4:
    Level 5: <- You were here.
       An altar, some fountains.
       Final resting place for
          you, killed by an Uruk-hai called Thosuakha of Unuz.


Vanquished creatures:
  a warhorse
 an orc-captain
  2 Uruk-hai
  2 orc shamans
  a rock mole
  2 gnome leaders
  2 dwarves
  7 hill orcs
  a cave spider
 17 gnomes
  2 garter snakes
  3 jackals
  2 foxes
  3 goblins
  4 grid bugs
  a lichen
  8 newts
59 creatures vanquished.

No species were genocided or became extinct.

Game over:
                       ----------
                      /          \
                     /    REST    \
                    /      IN      \
                   /     PEACE      \
                  /                  \
                  |      Booker      |
                  |      81 Au       |
                  |   killed by an   |
                  | Uruk-hai called  |
                  |   Thosuakha of   |
                  |       Unuz       |
                  |       2026       |
                 *|     *  *  *      | *
        _________)/\\_//(\/(/\)/\//\/|_)_______

Fare thee well Booker the Knight...

You died in The Gnomish Mines on dungeon level 5 with 845 points,
and 81 pieces of gold, after 1990 moves.
You were level 4 with a maximum of 40 hit points when you died.

